 Dungeon Crawl Stone Soup version bcrawl-1.21.3 (webtiles) character file.

Game seed: 17189266395692828001

41 funkygono the Cudgeler (level 3, -2/23 HPs)
             Began as a Skeleton Reaver on Mar 26, 2020.
             Was an Initiate of Vehumet.
             Slain by a gnoll (3 damage)
             ... on level 2 of the Dungeon on Mar 27, 2020.
             The game lasted 00:05:16 (1370 turns).

funkygono the Cudgeler (Skeleton Reaver)            Turns: 1370, Time: 00:05:17

Health: -2/23      AC:  6    Str: 17      XL:     3   Next: 32%
Magic:  0/7        EV: 12    Int: 13      God:    Vehumet [......]
Gold:   88         SH:  0    Dex:  6 (7)  Spells: 8/8 levels left

rFire    . . .     SeeInvis .   a - +0 flail
rCold    + . .     Gourm    .   (no shield)
rNeg     + + +     Faith    .   b - +0 steam dragon scales
rPois    ∞         Spirit   +   (no helmet)
rElec    +         Reflect  .   g - +0 cloak
rCorr    .         Harm     .   (no gloves)
MR       .....                  (no boots)
Stlth    +.........             f - amulet of inaccuracy (curse)
HPRegen  0.07/turn              d - ring of insulation
MPRegen  0.10/turn              (no ring)

@: no status effects
A: no food or potions, cold resistance 1, deterioration 1, negative energy
resistance 3, torment resistance, unbreathing, magic shield, sturdy frame 1,
spell healing
a: Renounce Religion


You were on level 2 of the Dungeon.
You worshipped Vehumet.
Vehumet was noncommittal.
You were not hungry.

You visited 1 branch of the dungeon, and saw 2 of its levels.

You collected 88 gold pieces.

Inventory:

Hand Weapons
 a - a +0 flail (weapon)
Missiles
 i - 187 stones (quivered)
Armour
 b - +0 steam dragon scales (worn)
 g - a +0 cloak (worn)
Jewellery
 d - a ring of insulation (left hand)
 f - a cursed amulet of inaccuracy (around neck)
 h - a cursed -2 ring of evasion {unknown}
Scrolls
 c - a scroll of immolation
 e - a scroll of identify


   Skills:
 + Level 3.5 Fighting
 + Level 4.0 Maces & Flails
 + Level 3.6 Dodging
 + Level 3.1 Spellcasting


You had 8 spell levels left.
You didn't know any spells.
Your spell library contained the following spells:

 Spells                   Type           Power        Failure   Level  Hunger
 Iskenderun's Battlesphe  Conj/Chrm      #.......     99%         5    N/A

Dungeon Overview and Level Annotations

Branches:
Dungeon (2/12)

Altars:


Innate Abilities, Weirdness & Mutations

You do not eat or drink.
You are immune to poison.
Your flesh is cold resistant. (rC+)
Your body sometimes deteriorates upon taking damage.
You are immune to negative energy. (rN+++)
You are immune to unholy pain and torment.
You can survive without breathing.
When hurt, damage is shared between your health and your magic reserves.
Your movements are slightly less encumbered by armour. (ER -2)
Casting spells heals you.


Message History

The gnoll misses you.
You hit the gnoll.
The gnoll is moderately wounded.
The gnoll hits you.
You miss the gnoll.
The gnoll is moderately wounded.
The gnoll hits you but does no damage.
You barely miss the gnoll.
The gnoll is moderately wounded.
The gnoll hits you.
You barely miss the gnoll.
The gnoll is moderately wounded.
The gnoll hits you.
* * * LOW HITPOINT WARNING * * *
You barely miss the gnoll.
The gnoll is moderately wounded.
The gnoll hits you.
* * * LOW HITPOINT WARNING * * *
The gnoll hits you.
You die...

#. #..# #.
#..# #..#
#..# #..#
#..# ##.#
#.# #@#
#g### #...#
#....#
#...##
.....
g......
.........
###....####


You could see a gnoll.

Vanquished Creatures
  2 gnolls (D:2)
  An adder (D:2)
  A leopard gecko (D:1)
  A bat (D:2)
  3 goblins (D:1)
  A hobgoblin (D:1)
  A jackal (D:1)
  2 rats (D:1)
12 creatures vanquished.

Notes
Turn   | Place    | Note
-------+----------+-------------------------------------------
     0 | D:1      | funkygono the Skeleton Reaver began the quest for the Orb.
     0 | D:1      | Reached XP level 1. HP: 14/14 MP: 4/4
   661 | D:1      | Reached XP level 2. HP: 15/19 MP: 4/6
  1134 | D:2      | Reached skill level 4 in Maces & Flails
  1361 | D:2      | Reached XP level 3. HP: 13/23 MP: 3/7
  1370 | D:2      | HP: 1/23 [gnoll (3)]
  1370 | D:2      | Slain by a gnoll

Skill      XL: |  1  2 |
---------------+-------+-----
Maces & Flails | 4 |  4.0
Fighting       | |  3.5
Dodging        | |  3.6
Spellcasting   | |  3.1

Action                   || total
-------------------------++-------
Melee: Flail             ||    77
  Use: Scroll            ||     3
Armor: Steam dragon scal ||    57
Dodge: Dodged            ||    83
